[Event "Titled Tuesday Blitz August 1 Early 2023"]
[White "Erzhanov, Arman"]
[Black "Arias, Juan Cruz"]
[WhiteFideId "4138821"]
[BlackFideId "118540"]
[WhiteElo "2515"]
[BlackElo "2634"]
[Result "1/2-1/2"]
[Round "10"]
[TimeControl "180+1"]
[Date "2023.08.01"]
[WhiteClock "0:01:52"]
[BlackClock "0:02:32"]
[Board "70"]

1. e4 c6 2. d4 d5 3. exd5 cxd5 4. Bd3 Nc6 5. c3 Nf6 6. h3 e5 7. dxe5 Nxe5 8. Nf3 Nxd3+ 9. Qxd3 Bd6 10. O-O O-O 11. Bg5 h6 12. Bh4 g5 13. Bg3 Bxg3 14. fxg3 Ne4 15. Nd4 Qd6 16. Kh2 f5 17. Nd2 Bd7 18. Nxe4 fxe4 19. Qe2 Qe5 1/2-1/2


[Site "https://www.chess.com"]

[Event "Titled Tuesday Blitz August 1 Early 2023"]
[White "Vantika Agrawal"]
[Black "Molenda, Marcin"]
[WhiteFideId "25050389"]
[BlackFideId "1173065"]
[WhiteElo "2625"]
[BlackElo "2515"]
[Result "1-0"]
[Round "10"]
[TimeControl "180+1"]
[Date "2023.08.01"]
[WhiteClock "0:00:59"]
[BlackClock "0:00:01"]
[Board "71"]

1. d4 d5 2. c4 e6 3. Nf3 Nf6 4. g3 dxc4 5. Bg2 a6 6. O-O Nc6 7. Bg5 Rb8 8. e3 Be7 9. Nfd2 O-O 10. Nxc4 h6 11. Bxf6 Bxf6 12. Nc3 Ne7 13. Ne4 Nd5 14. Rc1 Be7 15. Ne5 c6 16. a3 a5 17. Qc2 Bd7 18. Rfd1 Be8 19. Nc5 Qd6 20. e4 Nc7 21. Nc4 Qd8 22. h4 b6 23. Nb3 Qc8 24. Ne5 a4 25. Nxc6 Bxc6 26. Qxc6 axb3 27. Qxc7 Qxc7 28. Rxc7 Bd6 29. Rc3 Rfc8 30. Rxb3 Rc2 31. e5 Be7 32. Be4 Rc7 33. d5 exd5 34. Bxd5 Rd8 35. Kg2 Rcd7 36. Rbd3 Kf8 37. f4 Rc7 38. Kf3 Rc2 39. R1d2 Rc1 40. Bb3 Rdc8 41. f5 Rf1+ 42. Rf2 Re1 43. e6 fxe6 44. fxe6 Bc5 45. Re2 Rf1+ 46. Kg2 Rg1+ 47. Kh2 g5 48. e7+ Kg7 49. e8=Q Rxe8 50. Rxe8 1-0


[Site "https://www.chess.com"]

[Event "Titled Tuesday Blitz August 1 Early 2023"]
[White "Papayan, Oleg"]
[Black "NovoselovRoman"]
[WhiteFideId "4193911"]
[WhiteElo "2502"]
[BlackElo "2608"]
[Result "1-0"]
[Round "10"]
[TimeControl "180+1"]
[Date "2023.08.01"]
[WhiteClock "0:00:05"]
[BlackClock "0:00:00"]
[Board "72"]

1. e4 d5 2. exd5 Qxd5 3. Nc3 Qd6 4. d4 Nf6 5. Nf3 c6 6. g3 Bf5 7. Bg2 e6 8. O-O Be7 9. Bf4 Qd8 10. Re1 O-O 11. Ne5 Nbd7 12. Nc4 Nb6 13. Na5 Qd7 14. Qe2 Nbd5 15. Nxd5 cxd5 16. Nb3 Rac8 17. c3 Be4 18. f3 Bg6 19. a4 Rc4 20. Bf1 Rxa4 21. Nc5 Bxc5 22. dxc5 Rc8 23. b4 a5 24. Qb5 Rxa1 25. Rxa1 axb4 26. cxb4 d4 27. Qxd7 Nxd7 28. Ra7 e5 29. Bd2 Rb8 30. c6 Nf8 31. Rxb7 Rc8 32. b5 d3 33. c7 h5 34. b6 Bf5 35. Rb8 Kh7 36. Bxd3 1-0


[Site "https://www.chess.com"]

[Event "Titled Tuesday Blitz August 1 Early 2023"]
[White "Nareks, Matic"]
[Black "Burmakin, Vladimir"]
[WhiteFideId "14629526"]
[BlackFideId "4105109"]
[WhiteElo "2501"]
[BlackElo "2606"]
[Result "1/2-1/2"]
[Round "10"]
[TimeControl "180+1"]
[Date "2023.08.01"]
[WhiteClock "0:00:17"]
[BlackClock "0:00:09"]
[Board "73"]

1. e4 c6 2. d4 d5 3. e5 Bf5 4. h4 Qc8 5. h5 h6 6. Bd3 Bxd3 7. Qxd3 e6 8. c4 dxc4 9. Qxc4 Nd7 10. Nc3 Nb6 11. Qd3 Qd7 12. Be3 Ne7 13. Nge2 Ned5 14. Bd2 Nxc3 15. bxc3 c5 16. Rb1 Rc8 17. O-O Be7 18. Qg3 Kf8 19. Rfc1 Kg8 20. Qg4 Qd8 21. Ng3 Bg5 22. f4 Be7 23. f5 Bg5 24. Bxg5 Qxg5 25. Qxg5 hxg5 26. a4 cxd4 27. cxd4 exf5 28. a5 Rxc1+ 29. Rxc1 Nd5 30. Nxf5 Rxh5 31. Nd6 Rh4 32. Rc8+ Kh7 33. Nxf7 Rxd4 34. Nxg5+ Kg6 35. Nf3 Rd1+ 36. Kh2 Ne3 37. Rc3 Nf5 38. Rc7 Ra1 39. Rc5 Ra2 40. Kh3 Ne3 41. g4 Ra3 42. Kg3 Ra4 43. Nh4+ Kh7 44. Rc7 Nxg4 45. Nf5 Nxe5 46. Rxg7+ Kh8 47. Rxb7 Rxa5 48. Kf4 Ng6+ 49. Kg5 Nh4 50. Kxh4 Rxf5 51. Rxa7 Kg8 52. Ra8+ Rf8 53. Rxf8+ Kxf8 1/2-1/2


[Site "https://www.chess.com"]

[Event "Titled Tuesday Blitz August 1 Early 2023"]
[White "Tokman, Ariel"]
[Black "Piesik, Piotr"]
[WhiteFideId "117420"]
[BlackFideId "1136194"]
[WhiteElo "2497"]
[BlackElo "2603"]
[Result "0-1"]
[Round "10"]
[TimeControl "180+1"]
[Date "2023.08.01"]
[WhiteClock "0:00:19"]
[BlackClock "0:01:01"]
[Board "74"]

1. d4 c5 2. Nf3 cxd4 3. Nxd4 d5 4. g3 e5 5. Nf3 Nc6 6. Bg2 h6 7. O-O Nf6 8. b3 Bd6 9. Bb2 O-O 10. e3 Be6 11. Nbd2 b5 12. Qe2 Qb6 13. a3 a5 14. Rfd1 Rfd8 15. Rac1 b4 16. a4 Rac8 17. h3 Qb8 18. e4 d4 19. Nc4 Bc7 20. Ne1 Nd7 21. Nd2 Nc5 22. Nd3 Bd6 23. h4 Nxd3 24. cxd3 Ne7 25. Nc4 Rc5 26. Rf1 Rdc8 27. Rcd1 Bxc4 28. dxc4 Ng6 29. Bh3 Rd8 30. h5 Nf8 31. Bf5 g6 32. Bg4 Qb7 33. Kg2 Qe7 34. Rh1 g5 35. Bf5 Ne6 36. Qg4 Ng7 37. Rhe1 Rc6 38. f4 exf4 39. gxf4 Bxf4 40. Rxd4 Rxd4 41. Bxd4 Be5 42. Be3 Rd6 43. Rf1 Rd3 44. Qe2 Rxb3 45. Bg4 Rb2 0-1


[Site "https://www.chess.com"]

[Event "Titled Tuesday Blitz August 1 Early 2023"]
[White "Derige Kane, Yan"]
[Black "Kovalevsky, Stanislav"]
[WhiteFideId "20665431"]
[BlackFideId "13508598"]
[WhiteElo "2594"]
[BlackElo "2495"]
[Result "0-1"]
[Round "10"]
[TimeControl "180+1"]
[Date "2023.08.01"]
[WhiteClock "0:00:24"]
[BlackClock "0:00:09"]
[Board "75"]

1. d4 d5 2. c4 c6 3. Nc3 Nf6 4. Nf3 dxc4 5. a4 a5 6. e4 Bg4 7. Bxc4 Bxf3 8. gxf3 e6 9. Qb3 Bb4 10. Rg1 Qxd4 11. Be3 Qe5 12. f4 Qxe4 13. O-O-O Bxc3 14. Qxc3 Nbd7 15. Rxg7 Rf8 16. Rgg1 Nd5 17. Bxd5 cxd5 18. Rge1 Qxa4 19. f5 Qc6 20. Qxc6 bxc6 21. fxe6 fxe6 22. Bd4 Ke7 23. Re2 Kd6 24. Rde1 Rae8 25. Bc3 a4 26. Rg1 c5 27. Rg7 Re7 28. Rg4 d4 29. Be1 e5 30. Rh4 Rf4 31. Rh6+ Rf6 32. Rh3 Nb6 33. b3 Kd5 34. bxa4 Nxa4 35. Ra3 Nb6 36. f3 Nc4 37. Rb3 Rb6 38. Rxb6 Nxb6 39. Bg3 e4 40. fxe4+ Rxe4 41. Rf2 Kc4 42. Rc2+ Kb5 43. Rb2+ Kc6 44. Rf2 c4 45. Rf6+ Kb5 46. Bc7 Na4 47. Bd6 c3 48. Kc2 Kc4 49. Rf8 d3+ 50. Kb1 Re1+ 51. Ka2 Nc5 52. Rc8 d2 53. Bxc5 d1=Q 54. Bf2+ Kb5 55. Rb8+ Kc6 56. Bxe1 Qxe1 57. Rc8+ Kb7 58. Rh8 Qd2+ 59. Kb3 Qb2+ 60. Kc4 c2 61. Rxh7+ Kc6 62. Rh6+ Kd7 63. Rh7+ Ke6 64. Rh6+ Kf7 65. Rh7+ Kg6 66. Rh3 c1=Q+ 67. Kd5 Qbd2+ 68. Ke4 Qce1+ 69. Kf3 Qdf2+ 70. Kg4 Qeg1+ 71. Rg3 Qgxg3+ 72. hxg3 Qf5+ 73. Kh4 Qh5# 0-1


[Site "https://www.chess.com"]

[Event "Titled Tuesday Blitz August 1 Early 2023"]
[White "Mmukka"]
[Black "vishwa_vijeta"]
[WhiteElo "2494"]
[BlackElo "2588"]
[Result "0-1"]
[Round "10"]
[TimeControl "180+1"]
[Date "2023.08.01"]
[WhiteClock "0:00:00"]
[BlackClock "0:00:33"]
[Board "76"]

1. e4 c5 2. Nf3 d6 3. d4 cxd4 4. Nxd4 Nf6 5. Nc3 g6 6. Be2 Bg7 7. O-O O-O 8. Bg5 Nc6 9. Nb3 Bd7 10. f4 Rc8 11. Bf3 a6 12. Qd2 b5 13. Rad1 Re8 14. Rfe1 Qb6+ 15. Kh1 Ng4 16. Re2 h5 17. h3 Nh6 18. Nd5 Qb7 19. e5 Nf5 20. Qe1 dxe5 21. Nc5 Qa7 22. Nxd7 Ncd4 23. Qf2 Qxd7 24. c3 Nxe2 25. Nf6+ exf6 26. Rxd7 Neg3+ 27. Kh2 fxg5 28. Bd5 exf4 29. Bxf7+ Kh7 30. Bxe8 Rxe8 31. a4 Re2 32. Qg1 f3 33. axb5 f2 34. Qxf2 Rxf2 35. bxa6 Rf1 0-1


[Site "https://www.chess.com"]

[Event "Titled Tuesday Blitz August 1 Early 2023"]
[White "Omorjan, Dejan"]
[Black "Rosh Jain"]
[WhiteFideId "955345"]
[BlackFideId "25789465"]
[WhiteElo "2579"]
[BlackElo "2472"]
[Result "1-0"]
[Round "10"]
[TimeControl "180+1"]
[Date "2023.08.01"]
[WhiteClock "0:01:22"]
[BlackClock "0:01:59"]
[Board "77"]

1. e4 c5 2. Nf3 d6 3. Bb5+ Nd7 4. O-O Nf6 5. Re1 g6 6. c3 a6 7. Bf1 Bg7 8. d4 e5 9. d5 O-O 10. a4 h6 11. Na3 Ne8 12. Nc4 b6 13. Be3 f5 14. exf5 gxf5 15. g3 Qe7 16. Nh4 Qf7 17. Bh3 f4 18. Be6 fxe3 19. fxe3 Nef6 20. Nxd6 1-0


[Site "https://www.chess.com"]

[Event "Titled Tuesday Blitz August 1 Early 2023"]
[White "Borgaonkar Akshay"]
[Black "Pandey Srishti"]
[WhiteFideId "25639110"]
[BlackFideId "35093290"]
[WhiteElo "2578"]
[BlackElo "2459"]
[Result "0-1"]
[Round "10"]
[TimeControl "180+1"]
[Date "2023.08.01"]
[WhiteClock "0:00:31"]
[BlackClock "0:00:03"]
[Board "78"]

1. d4 Nf6 2. Bf4 d5 3. e3 c5 4. Nf3 Nc6 5. Nbd2 e6 6. c3 cxd4 7. exd4 Nh5 8. Be3 Bd6 9. Ne5 Nf6 10. Bb5 Qb6 11. Bxc6+ bxc6 12. Qb3 Bb7 13. f3 Nd7 14. Nxd7 Kxd7 15. O-O Ba6 16. Rfe1 Rab8 17. Qa4 Bd3 18. b4 h5 19. Nb3 Bb5 20. Qa3 h4 21. h3 Rbg8 22. Qc1 Qd8 23. Bf4 g5 24. Bxd6 Kxd6 25. a4 Bc4 26. Na5 Kc7 27. Qe3 Qd6 28. b5 cxb5 29. axb5 Bxb5 30. Reb1 a6 31. Nb3 f5 32. Nc5 Re8 33. Rxb5 axb5 34. Ra6 Qg3 35. Ra7+ Kc8 36. Qc1 g4 37. Qa3 Qe1+ 38. Kh2 g3# 0-1


[Site "https://www.chess.com"]

[Event "Titled Tuesday Blitz August 1 Early 2023"]
[White "Karamsetty, Jeevan"]
[Black "Willy, Stephen"]
[WhiteFideId "2025337"]
[BlackFideId "30981468"]
[WhiteElo "2578"]
[BlackElo "2453"]
[Result "0-1"]
[Round "10"]
[TimeControl "180+1"]
[Date "2023.08.01"]
[WhiteClock "0:00:18"]
[BlackClock "0:00:07"]
[Board "79"]

1. b3 e5 2. Bb2 Nc6 3. c4 Nf6 4. g3 d5 5. Bg2 Be6 6. d3 Qd7 7. Nf3 Bd6 8. O-O Bh3 9. c5 Bxc5 10. Nxe5 Nxe5 11. Bxe5 Bxg2 12. Kxg2 h5 13. h4 Ng4 14. d4 Be7 15. Bf4 f6 16. f3 Nh6 17. Nc3 g5 18. hxg5 fxg5 19. Be5 Rg8 20. Rh1 h4 21. g4 O-O-O 22. e3 Bd6 23. Bxd6 Qxd6 24. Nb5 Qg3+ 25. Kf1 Nxg4 26. fxg4 Qxe3 27. Qe2 Qf4+ 28. Kg1 Rge8 29. Qg2 Re3 30. Rf1 Qe4 31. Qxe4 Rxe4 32. Kh2 a6 33. Nc3 Rxd4 34. Rd1 Rxg4 35. Rhg1 Rxg1 36. Rxg1 d4 37. Ne4 d3 38. Nd2 Re8 39. Rxg5 Re2+ 40. Rg2 Kd7 41. Nf3 Re3 42. Nxh4 c5 43. Nf5 Re2 44. Ng3 Rxg2+ 45. Kxg2 d2 46. Ne4 d1=Q 47. Nxc5+ Kc6 48. Ne4 Qc2+ 49. Kf3 Qxa2 50. Kf4 Qxb3 51. Nf2 Qc2 52. Ne4 Qxe4+ 53. Kxe4 a5 54. Kd3 a4 55. Kc2 Kb5 56. Kb2 Kb4 57. Ka2 b5 58. Kb1 Kc3 59. Ka2 b4 60. Kb1 b3 61. Ka1 b2+ 62. Kb1 a3 63. Ka2 Kc2 64. Kxa3 b1=Q 65. Ka4 Kc3 66. Ka3 Qb3# 0-1


[Site "https://www.chess.com"]

[Event "Titled Tuesday Blitz August 1 Early 2023"]
[White "Demin, Vladimir"]
[Black "EsmeraldasAnderson03"]
[WhiteFideId "4167457"]
[WhiteElo "2564"]
[BlackElo "2450"]
[Result "1-0"]
[Round "10"]
[TimeControl "180+1"]
[Date "2023.08.01"]
[WhiteClock "0:01:08"]
[BlackClock "0:00:00"]
[Board "80"]

1. d4 d5 2. Nc3 Nf6 3. Bf4 a6 4. e3 b5 5. Nf3 e6 6. Ne5 Bb7 7. g4 b4 8. Na4 Nbd7 9. g5 Nxe5 10. Bxe5 Nd7 11. Bf4 Bd6 12. Bd3 Bc6 13. b3 Bxa4 14. bxa4 Bxf4 15. exf4 c5 16. dxc5 Nxc5 17. Qd2 O-O 18. Qxb4 Qc7 19. O-O a5 20. Qd4 Rab8 21. Rab1 Qc6 22. Bb5 Qd6 23. Rfe1 Rfd8 24. Rbd1 g6 25. c4 Qc7 26. Rc1 Qb6 27. Red1 dxc4 28. Qxc4 Rxd1+ 29. Rxd1 Nb7 30. Bc6 1-0


[Site "https://www.chess.com"]

[Event "Titled Tuesday Blitz August 1 Early 2023"]
[White "Begunov, Konstantin"]
[Black "Postlmayer, Jakob"]
[WhiteFideId "4118510"]
[BlackFideId "1643622"]
[WhiteElo "2421"]
[BlackElo "2556"]
[Result "0-1"]
[Round "10"]
[TimeControl "180+1"]
[Date "2023.08.01"]
[WhiteClock "0:00:00"]
[BlackClock "0:00:40"]
[Board "81"]

1. d4 Nf6 2. c4 e6 3. Nf3 d5 4. Nc3 c6 5. cxd5 exd5 6. Bg5 Be7 7. Qc2 g6 8. e3 Bf5 9. Bd3 Bxd3 10. Qxd3 Nbd7 11. O-O O-O 12. Rab1 a5 13. a3 Re8 14. Rfe1 Ne4 15. Bf4 Bf8 16. Ne5 Nxe5 17. Bxe5 Nd6 18. Bxd6 Bxd6 19. f3 Qh4 20. f4 Bxf4 21. g3 Bxg3 22. hxg3 Qxg3+ 23. Kh1 Qh3+ 24. Kg1 Qg3+ 25. Kh1 Re6 26. Re2 Rae8 27. Nd1 Re4 28. Qd2 Rh4+ 29. Rh2 Ree4 30. Qg2 Rxh2+ 31. Qxh2 Rh4 32. Qxh4 Qxh4+ 33. Kg2 Qe1 34. Kf3 Qf1+ 35. Kg3 Kg7 36. Nc3 Qd3 37. Kf3 h5 38. Rg1 b5 39. Ne2 Kh6 40. Nf4 Qe4+ 41. Kf2 g5 42. Ne2 f6 43. Ng3 Qc2+ 44. Kf3 Kg6 0-1


[Site "https://www.chess.com"]

[Event "Titled Tuesday Blitz August 1 Early 2023"]
[White "To, Nhat Minh"]
[Black "Hrbek, Stepan"]
[WhiteFideId "729019"]
[BlackFideId "393479"]
[WhiteElo "2555"]
[BlackElo "2383"]
[Result "0-1"]
[Round "10"]
[TimeControl "180+1"]
[Date "2023.08.01"]
[WhiteClock "0:00:30"]
[BlackClock "0:00:07"]
[Board "82"]

1. e4 c5 2. Nf3 Nc6 3. d4 cxd4 4. Nxd4 Nf6 5. Nc3 e5 6. Ndb5 d6 7. Bg5 a6 8. Na3 b5 9. Nd5 Be7 10. Bxf6 Bxf6 11. c4 b4 12. Nc2 a5 13. g3 O-O 14. h4 Be6 15. Bh3 a4 16. b3 Nd4 17. Nxd4 exd4 18. Kf1 Bxd5 19. exd5 axb3 20. axb3 Rxa1 21. Qxa1 Qe7 22. Qe1 Qxe1+ 23. Kxe1 Ra8 24. Bg4 Ra2 25. Bd1 d3 26. Kf1 Bd4 27. Kg2 Rxf2+ 28. Kh3 f6 29. Re1 Kf7 30. Bg4 d2 31. Be6+ Ke7 32. Rd1 Be5 33. Bg8 Rf3 34. Kg2 Rxg3+ 35. Kf2 Rh3 36. Bxh7 Rxh4 37. Bd3 Bc3 38. Be2 f5 39. Rg1 Kf6 40. Kg3 Rh8 41. Rf1 g5 42. Bd3 f4+ 43. Kg4 Rh4+ 44. Kf3 Rh3+ 45. Ke2 Re3+ 46. Kd1 Rxd3 47. Rh1 Re3 48. Rh6+ Kg7 49. Rh1 Re1+ 50. Kc2 Rxh1 51. c5 d1=Q# 0-1


[Site "https://www.chess.com"]

[Event "Titled Tuesday Blitz August 1 Early 2023"]
[White "Martin, Lewis"]
[Black "Nurgaliyeva, Zarina"]
[WhiteFideId "410551"]
[BlackFideId "13730096"]
[WhiteElo "2311"]
[BlackElo "2554"]
[Result "1-0"]
[Round "10"]
[TimeControl "180+1"]
[Date "2023.08.01"]
[WhiteClock "0:01:12"]
[BlackClock "0:00:26"]
[Board "83"]

1. e4 e5 2. Nf3 Nc6 3. Bb5 a6 4. Ba4 Nf6 5. O-O Be7 6. Re1 O-O 7. c3 b5 8. Bb3 d6 9. a4 Rb8 10. axb5 axb5 11. d3 h6 12. h3 Re8 13. Nbd2 Bf8 14. Nf1 d5 15. exd5 Nxd5 16. Ng3 Nf4 17. d4 Ng6 18. Qd3 Be6 19. d5 Nce7 20. Rd1 Bc8 21. Ne4 Bf5 22. g4 Bxe4 23. Qxe4 Qd6 24. h4 Nc8 25. h5 Nf4 26. Bxf4 1-0


[Site "https://www.chess.com"]

[Event "Titled Tuesday Blitz August 1 Early 2023"]
[White "Bettalli, Francesco"]
[Black "Molina, Roberto Junio Brito"]
[WhiteFideId "2816453"]
[BlackFideId "2109450"]
[WhiteElo "2494"]
[BlackElo "2820"]
[Result "0-1"]
[Round "10"]
[TimeControl "180+1"]
[Date "2023.08.01"]
[WhiteClock "0:00:26"]
[BlackClock "0:00:13"]
[Board "84"]

1. e4 e5 2. Nf3 Nc6 3. c3 d5 4. Qa4 dxe4 5. Nxe5 Qd5 6. Nxc6 bxc6 7. Bc4 Qd6 8. d4 exd3 9. O-O Bd7 10. Re1+ Be7 11. Qb3 Nf6 12. Bxf7+ Kd8 13. Bc4 Ng4 14. g3 Ne5 15. Bf4 Nf3+ 16. Kh1 Qg6 17. Nd2 Qh5 18. Nxf3 Qxf3+ 19. Kg1 Bh3 20. Bxc7+ Kxc7 21. Rxe7+ Kd8 22. Rd7+ Bxd7 23. Qb7 Rc8 24. Qxa7 d2 25. Qa5+ Rc7 26. Qa8+ Bc8 27. Bb3 Re8 28. Rf1 Re1 29. Bc4 d1=Q 30. Qa5 Rxf1+ 31. Bxf1 Qxf1+ 32. Kxf1 Bh3+ 33. Ke1 Qe4+ 34. Kd2 Qd5+ 35. Qxd5+ cxd5 36. Kd3 Re7 37. Kd4 Bg2 38. b4 Re4+ 39. Kc5 Re2 40. a4 Rxf2 41. a5 Ra2 42. Kb6 Kc8 43. b5 Kb8 44. a6 Bf1 45. Kc5 Ka7 46. Kxd5 Bxb5 47. c4 Bxa6 48. c5 Rxh2 49. Kc6 Rg2 50. Kc7 Rxg3 51. c6 Rc3 52. Kd7 Bb5 53. Kd8 Rxc6 0-1


[Site "https://www.chess.com"]

[Event "Titled Tuesday Blitz August 1 Early 2023"]
[White "Atakhan, Abtin"]
[Black "Kiremitciyan, Ari"]
[WhiteFideId "22502203"]
[BlackFideId "6373445"]
[WhiteElo "2761"]
[BlackElo "2493"]
[Result "1-0"]
[Round "10"]
[TimeControl "180+1"]
[Date "2023.08.01"]
[WhiteClock "0:00:02"]
[BlackClock "0:00:00"]
[Board "85"]

1. Nf3 c5 2. g3 g6 3. Bg2 Bg7 4. O-O Nc6 5. c4 e5 6. Nc3 Nge7 7. a3 a5 8. Rb1 d6 9. d3 h6 10. Ne1 Be6 11. Nd5 Rb8 12. Nc2 O-O 13. Nxe7+ Nxe7 14. b4 axb4 15. axb4 b5 16. bxc5 bxc4 17. Rxb8 Qxb8 18. cxd6 Qxd6 19. Ba3 Qc7 20. dxc4 Rd8 21. Qc1 Nf5 22. c5 Bf8 23. c6 Bxa3 24. Qxa3 Rd2 25. Qa8+ Kg7 26. Qb7 Qd6 27. Na1 Rd4 28. e3 Rc4 29. Qa6 Rc5 30. Qb6 Ne7 31. Qb4 Rxc6 32. Qb2 1-0


[Site "https://www.chess.com"]

[Event "Titled Tuesday Blitz August 1 Early 2023"]
[White "Kaplan, Avi Harrison"]
[Black "Csonka, Balazs"]
[WhiteFideId "30934559"]
[BlackFideId "742910"]
[WhiteElo "2493"]
[BlackElo "2697"]
[Result "0-1"]
[Round "10"]
[TimeControl "180+1"]
[Date "2023.08.01"]
[WhiteClock "0:00:05"]
[BlackClock "0:00:06"]
[Board "86"]

1. Nf3 Nf6 2. g3 g6 3. Bg2 Bg7 4. O-O O-O 5. d3 d6 6. Nbd2 c5 7. c3 Nc6 8. Qc2 e5 9. e4 h6 10. Rd1 Be6 11. Nf1 d5 12. Ne3 d4 13. Nf1 Ne8 14. a3 a5 15. h3 Nd6 16. Bd2 a4 17. c4 Na5 18. Qxa4 Naxc4 19. Qc2 Nxd2 20. N1xd2 Rc8 21. b3 b5 22. a4 c4 23. bxc4 bxc4 24. dxc4 Nxc4 25. Nxc4 Rxc4 26. Qd2 Qa8 27. a5 Rfc8 28. Ne1 Rc3 29. Nd3 Rc2 30. Qe1 R8c3 31. Nb4 Rb2 32. Nd5 Rcc2 33. a6 Ra2 34. Nc7 Rxc7 35. Rxa2 Bxa2 36. Ra1 Bc4 37. Qb4 Bf8 38. Qb6 Qa7 39. Qf6 Re7 40. Qc6 Be2 41. Bf1 Bxf1 42. Kxf1 Re6 43. Qb5 Rb6 44. Qxb6 Qxb6 45. a7 Qc6 46. a8=Q Qc4+ 47. Kg1 Qe2 48. Qa2 Qf3 49. Re1 Bb4 50. Qe2 Qb3 51. Rd1 Bc3 52. Qd3 Kg7 53. Kg2 Qb7 54. Rc1 Qc6 55. f3 h5 56. Rc2 Qb7 57. h4 Qc6 58. Qd1 Qc4 59. Qe2 d3 60. Qf1 dxc2 61. Qxc4 c1=Q 62. Qd5 Qd2+ 63. Kh3 Qxd5 64. exd5 f5 65. d6 Kf6 66. g4 Ke6 67. gxh5 gxh5 68. Kg3 Kxd6 69. Kf2 Kd5 70. Ke3 Bd4+ 71. Kd3 e4+ 72. fxe4+ fxe4+ 73. Ke2 Ke5 74. Kf1 Kf4 75. Kg2 Ke3 76. Kg3 Be5+ 77. Kg2 Ke2 78. Kh3 e3 79. Kg2 Kd3 80. Kh3 e2 81. Kg2 e1=Q 82. Kf3 Qg3# 0-1


[Site "https://www.chess.com"]

[Event "Titled Tuesday Blitz August 1 Early 2023"]
[White "Fiorito, Joaquin"]
[Black "Garcia Almaguer, Juan Manuel"]
[WhiteFideId "180173"]
[BlackFideId "5110491"]
[WhiteElo "2692"]
[BlackElo "2482"]
[Result "0-1"]
[Round "10"]
[TimeControl "180+1"]
[Date "2023.08.01"]
[WhiteClock "0:00:51"]
[BlackClock "0:00:14"]
[Board "87"]

1. d4 Nf6 2. Nc3 e6 3. Bf4 Bb4 4. Qd3 d5 5. a3 Bd6 6. Bxd6 cxd6 7. e4 dxe4 8. Nxe4 d5 9. Nxf6+ Qxf6 10. Nf3 Nc6 11. Qe3 O-O 12. Bd3 Re8 13. O-O-O e5 14. dxe5 Nxe5 15. Rhe1 Nxd3+ 16. Qxd3 Rxe1 17. Rxe1 Be6 18. g3 Rc8 19. c3 Bf5 20. Qd4 Qh6+ 21. Qd2 Qh5 22. Nd4 Bg6 23. h4 Qg4 24. Qe2 Qxe2 25. Rxe2 Kf8 26. Kd2 a6 27. f4 Be4 28. g4 g6 29. Ke3 Re8 30. Kf2 Kg7 31. f5 Kf6 32. g5+ Ke5 33. f6 Kf4 34. Re3 Kg4 35. Nf3 Re6 36. Nh2+ Kxh4 37. Rg3 Re5 38. Re3 Rxg5 39. c4 Rg2+ 40. Ke1 Rxh2 41. cxd5 Bxd5 42. Re5 Be6 43. Rxe6 Rh1+ 44. Kf2 Kg5 45. Rb6 h5 46. Rxb7 Kxf6 47. Rb6+ Kg7 48. Rxa6 Rh2+ 49. Kg3 Rxb2 50. a4 Ra2 51. Ra5 Ra3+ 52. Kh4 Kh6 53. Re5 f6 54. Rxh5+ gxh5 55. a5 Ra4+ 0-1


[Site "https://www.chess.com"]

[Event "Titled Tuesday Blitz August 1 Early 2023"]
[White "Gaal, Zsoka"]
[Black "Skliarov, Viktor"]
[WhiteFideId "777765"]
[BlackFideId "14106736"]
[WhiteElo "2478"]
[BlackElo "2647"]
[Result "0-1"]
[Round "10"]
[TimeControl "180+1"]
[Date "2023.08.01"]
[WhiteClock "0:00:03"]
[BlackClock "0:00:34"]
[Board "88"]

1. Nf3 c5 2. c4 Nc6 3. g3 g6 4. Bg2 Bg7 5. O-O e6 6. Nc3 Nge7 7. d4 cxd4 8. Nb5 d5 9. cxd5 Nxd5 10. Nfxd4 Nxd4 11. Nxd4 O-O 12. e4 Nb4 13. Be3 Bd7 14. Qb3 a5 15. Rfd1 Qe8 16. a3 Ba4 17. Qc3 Bxd1 18. Rxd1 Nc6 19. Qb3 Nxd4 20. Bxd4 Bxd4 21. Rxd4 b5 22. h4 h5 23. Rd6 Rb8 24. Qc3 Qe7 25. Rc6 b4 26. axb4 Rxb4 27. Rc7 Qd6 28. Ra7 Qd1+ 29. Kh2 Qd4 30. Rxa5 Qxc3 31. bxc3 Rc4 32. Rg5 Kg7 33. e5 Rxc3 34. g4 hxg4 35. Rxg4 Rh8 36. Be4 Rh5 37. f3 Rxe5 38. Kg3 f5 39. Rg5 Rxe4 0-1


[Site "https://www.chess.com"]

[Event "Titled Tuesday Blitz August 1 Early 2023"]
[White "Kvaloy, Aksel Bu"]
[Black "Grossboss19"]
[WhiteFideId "1528815"]
[WhiteElo "2617"]
[BlackElo "2480"]
[Result "0-1"]
[Round "10"]
[TimeControl "180+1"]
[Date "2023.08.01"]
[WhiteClock "0:00:05"]
[BlackClock "0:00:09"]
[Board "89"]

1. e4 c6 2. Nc3 d5 3. Nf3 Bg4 4. h3 Bxf3 5. Qxf3 Nf6 6. e5 Nfd7 7. d4 e6 8. Bd3 c5 9. Nb5 cxd4 10. O-O Nxe5 11. Qg3 Nbc6 12. Bf4 f6 13. Rae1 a6 14. Bxe5 fxe5 15. Rxe5 Nxe5 16. Qxe5 Kd7 17. Nxd4 Qf6 18. Qe3 Bc5 19. c3 e5 20. Bf5+ Kd6 21. b4 Ba7 22. Qg3 Bxd4 23. cxd4 Qxf5 24. Re1 Rhe8 25. Rc1 Rac8 26. Rd1 g6 27. Qa3 Ke6 28. Re1 e4 29. b5 axb5 30. Qa7 Qf7 31. Qb6+ Rc6 32. Qxb5 Qc7 33. f3 Kd7 34. Qxd5+ Qd6 35. Qb5 Qxd4+ 36. Kh1 Kc7 37. fxe4 Rxe4 38. Rf1 Re7 39. Qa5+ Qb6 40. Qg5 Rd7 41. Qg3+ Rcd6 42. Rc1+ Kb8 43. Qf4 Ka7 44. Qa4+ Qa6 45. Qb3 Rb6 46. Qe3 Qa5 47. Kh2 Ka6 48. Rc5 Rb5 49. Rc4 Qb6 50. Qe2 Qd6+ 51. Kh1 Qd1+ 52. Qxd1 Rxd1+ 53. Kh2 Rd6 54. Rc2 Kb6 55. Re2 Rd7 56. Rc2 Ka7 57. Re2 Rb6 58. Rc2 Ra6 59. Re2 b6 60. Rc2 Kb7 61. Re2 Rc7 62. Rc2 Rxc2 0-1


[Site "https://www.chess.com"]

[Event "Titled Tuesday Blitz August 1 Early 2023"]
[White "Shukhman, Anna"]
[Black "favesaul"]
[WhiteFideId "54180058"]
[WhiteElo "2582"]
[BlackElo "2454"]
[Result "0-1"]
[Round "10"]
[TimeControl "180+1"]
[Date "2023.08.01"]
[WhiteClock "0:01:38"]
[BlackClock "0:00:57"]
[Board "91"]

1. e4 c5 2. Nf3 e6 3. d4 cxd4 4. Nxd4 Nc6 5. Nc3 Qc7 6. Qd3 a6 7. Nxc6 bxc6 8. Qg3 e5 9. Bc4 Nf6 10. O-O h5 11. f4 h4 12. Qf3 Bc5+ 13. Kh1 d6 14. fxe5 dxe5 15. Bg5 Bg4 16. Qd3 Rd8 17. Bd5 cxd5 18. Bxf6 gxf6 19. Nxd5 Rxd5 20. Qxd5 Be6 21. Qa8+ Qc8 22. Qxc8+ Bxc8 23. Rxf6 Ke7 24. Rc6 Be3 25. Re1 Bf4 26. Kg1 Rd8 27. Re2 Bg4 28. Re1 h3 29. g3 Bd2 30. Kf2 Bxe1+ 31. Kxe1 Rd4 32. Rxa6 Rxe4+ 33. Kf1 Rd4 34. Ra7+ Kf6 35. a4 e4 36. a5 e3 37. Ra6+ Ke5 38. Ra8 Rd1# 0-1


[Site "https://www.chess.com"]

[Event "Titled Tuesday Blitz August 1 Early 2023"]
[White "Tologon tegin, Semetei"]
[Black "Kayis, Gulcan Sena"]
[WhiteFideId "13800574"]
[BlackFideId "34553045"]
[WhiteElo "2560"]
[BlackElo "2470"]
[Result "1-0"]
[Round "10"]
[TimeControl "180+1"]
[Date "2023.08.01"]
[WhiteClock "0:00:09"]
[BlackClock "0:00:00"]
[Board "92"]

1. e4 e6 2. Nc3 d5 3. d4 Nf6 4. e5 Nfd7 5. f4 c5 6. Nf3 Nc6 7. Be3 Be7 8. Qd2 O-O 9. Be2 f6 10. exf6 Bxf6 11. dxc5 Qa5 12. a3 Nxc5 13. O-O Bxc3 14. Qxc3 Qxc3 15. bxc3 Ne4 16. c4 dxc4 17. Bxc4 Na5 18. Bd3 Nf6 19. Rfe1 Bd7 20. Bd2 Nc6 21. Ng5 Nd5 22. g3 g6 23. Nxe6 Rfe8 24. Nc5 Rxe1+ 25. Rxe1 Bg4 26. Bc4 Rd8 27. Nxb7 Rd7 28. Nc5 Rd8 29. Bc1 Kg7 30. Ne6+ Bxe6 31. Rxe6 Nd4 32. Bb2 Kf7 33. Ra6 Nxc2 34. Rxa7+ Kf8 35. Bg7+ Kg8 36. Bf6 Rd6 37. Be5 Rd8 38. Rg7+ Kf8 39. Rxh7 Nce3 40. Bxd5 Rxd5 41. Ra7 Ng4 42. Bg7+ Kg8 43. h3 Ne3 44. Kf2 Nc4 45. a4 Nb6 46. a5 Nc4 47. a6 Ra5 48. Bf6 Nd6 49. Rg7+ Kf8 50. a7 Ne4+ 51. Kf3 Nxf6 52. Rb7 Ne8 53. Kg4 Kg8 54. h4 Kf8 55. Kf3 Kg8 56. g4 Kf8 57. g5 Kg8 58. Kg4 Kf8 59. h5 gxh5+ 60. Kxh5 Kg8 61. Kh6 Ra6+ 62. g6 1-0


[Site "https://www.chess.com"]